 Dungeon Crawl Stone Soup version 0.31-a0-1469-gd420192249 (webtiles) character file.

Game seed: 16888600132388106428

5045 BigPumpCobain the Basher (level 10, -16/93 HPs)
             Began as a Minotaur Berserker on Dec 29, 2023.
             Was an Elder of Trog.
             Demolished by a boulder beetle (18 damage)
             ... on level 10 of the Dungeon.
             The game lasted 00:10:14 (7292 turns).

BigPumpCobain the Basher (Minotaur Berserker)       Turns: 7292, Time: 00:10:15

Health: -16/93     AC: 16    Str: 29    XL:     10   Next: 30%
Magic:  9/9        EV:  9    Int:  7    God:    Trog [****..]
Gold:   369        SH:  0    Dex:  5    Spells: 9/9 levels left

rFire   . . .        a - +1 mace (vamp)
rCold   . . .        (no shield)
rNeg    . . .        x - +5 chain mail of Grand Brilliance {Rampage Str+3 Int+3 Dex-5}
rPois   .            (helmet currently unavailable)
rElec   .            (cloak currently unavailable)
rCorr   .            (gloves currently unavailable)
SInv    .            (boots currently unavailable)
Will    .....        (no amulet) Stlth
                     (no ring)
HPRegen 0.35/turn    (no ring)
MPRegen 0.11/turn

%: rampage
@: beast-form, on berserk cooldown, slowed, studying Shields, very slow
A: beast (slay +0), horns 2, retaliatory headbutt
a: Begin Untransformation, Renounce Religion, Berserk, Trog's Hand, Brothers in
Arms


You were on level 10 of the Dungeon.
You worshipped Trog.
Trog was greatly pleased with you.
You were a hulking beast.
You visited 1 branch of the dungeon, and saw 10 of its levels.

You collected 369 gold pieces.

Inventory:

Hand Weapons
 a - a +1 vampiric mace (weapon)
 h - the +4 sling of Dischuji {freeze, rN++ Will- Int+3}
   (You found it on level 2 of the Dungeon)

   Int+3:     It affects your intelligence (+3).
   rN++:      It greatly protects you from negative energy.
   Will-:     It decreases your willpower.
Missiles
 p - a throwing net
Armour
 r - a +0 plate armour
 x - the +5 chain mail of Grand Brilliance (worn) {Rampage Str+3 Int+3 Dex-5}
   (You found it on level 6 of the Dungeon)

   Str+3:     It affects your strength (+3).
   Int+3:     It affects your intelligence (+3).
   Dex-5:     It affects your dexterity (-5).
   Rampage:   It bestows one free step when moving towards enemies.
Jewellery
 m - an amulet of magic regeneration
 t - a ring of fire
 y - an amulet of reflection
 G - a ring of willpower
Talismans
 g - a beast talisman (active)
Wands
 v - a wand of light (10)
 D - a wand of flame (6)
Scrolls
 b - 3 scrolls of identify
 d - a scroll of fear
 i - 3 scrolls of enchant armour
 j - 2 scrolls of teleportation
 n - 6 scrolls of fog
 o - a scroll of poison {unknown}
 u - 3 scrolls of noise
 w - a scroll of silence {unknown}
 z - a scroll of revelation {unknown}
 A - 3 scrolls of blinking {unknown}
 F - a scroll of butterflies {unknown}
Potions
 c - 2 potions of brilliance
 e - 2 potions of heal wounds
 f - a potion of ambrosia
 k - 2 potions of berserk rage
 l - 6 potions of curing
 q - a potion of enlightenment
 s - 3 potions of lignification
 B - a potion of mutation {unknown}
 C - 2 potions of resistance
 E - 3 potions of attraction {unknown}


   Skills:
 + Level 9.9 Fighting
 * Level 13.3 Maces & Flails
 + Level 9.5 Armour
 - Level 2.1 Dodging


You had 9 spell levels left.
You didn't know any spells.
Your spell library was empty.

Dungeon Overview and Level Annotations

Branches:
Dungeon (10/15)            Temple (0/1) D:6            Lair (0/5) D:9
    Orc: D:9-12

Altars:
Okawaru
Qazlal
Yredelemnul

Shops:
D:1 (

Annotations:
D:1 1 transporter


Innate Abilities, Weirdness & Mutations

You are a hulking beast.
Your limbs bulge with bestial killing power. (Slay +0)
You have a pair of horns on your head.
You reflexively headbutt those who attack you in melee.


Message History

The yak gores you!
* * * LOW HITPOINT WARNING * * *
You hit the yak.
You feel better.
The yak is heavily wounded.
You hit the yak. You headbutt the yak!
The yak is almost dead.
The yak gores you!
* * * LOW HITPOINT WARNING * * *
The yak gores you!
* * * LOW HITPOINT WARNING * * *
You sock the yak!
You feel better.
You kill the yak!
Trog accepts your kill.
You thump the yak!
The yak is severely wounded.
You hit the yak.
The yak is severely wounded.
The yak closely misses you.
You barely miss the yak. Your headbutt misses the yak.
The yak is severely wounded.
You thump the yak!
You feel better.
You kill the yak!
Trog accepts your kill.
You start resting.
You feel a strong urge to attack something.
You start resting.
You are no longer berserk.
You are exhausted.
You feel yourself slow down.
You start resting.
A boulder beetle is nearby!
A boulder beetle is nearby!
A boulder beetle is nearby!
The boulder beetle curls into a ball and begins rolling!
There is a stone staircase leading down here.
The boulder beetle hits you!
* * * LOW HITPOINT WARNING * * *
The boulder beetle stops rolling and uncurls.
The boulder beetle bites you!!
You die...

....#.. .#.#
..........# ...
.....##...# ....
....##...# ... .
........#..## ##
...######....#.#....
..#
..................#
...
.......hB°..†..##
....
.....###..°°....#
##.... ...
#.#..†...##....>. .
#.....##.........
#.....#####...#...
..[.#.####.#...#
.....####<.....##
..##.# #..##### ..
#...#


You could see a boulder beetle.

Vanquished Creatures
  A troll (D:5)
  A hornet (D:8)
  2 wyverns
  10 yaks
  2 water moccasins (D:7)
  An orc warrior (D:7)
  2 ice beasts (D:6)
  A black bear (D:8)
  4 phantoms
  A kobold brigand (D:9)
  3 scorpions
  6 bullfrogs
  A gnoll sergeant (D:9)
  7 killer bees (D:9)
  An electric eel (D:8)
  3 howler monkeys (D:9)
  2 bombardier beetles
  2 jellies
  4 orc priests
  A gnoll bouda (D:9)
  2 sleepcaps
  4 iguanas
  5 orc wizards (D:9)
  3 hound skeletons (D:3)
  6 adders
  10 gnolls
  A white imp (D:5)
  4 ufetubi (D:5)
  An adder skeleton (D:3)
  4 worms
  2 dart slugs
  27 orcs
  4 endoplasms
  A giant cockroach (D:1)
  8 goblins
  A hobgoblin (D:2)
  2 jackals (D:4)
  13 kobolds
  4 quokkas
  7 ball pythons
  A ball python skeleton (D:3)
  A ball python zombie (D:3)
  9 bats
  5 frilled lizards
  A giant cockroach zombie (D:3)
  2 quokka skeletons (D:3)
  4 quokka zombies (D:3)
  7 rats
194 creatures vanquished.

Notes
Turn   | Place    | Note
-------+----------+-------------------------------------------
     0 | D:1      | BigPumpCobain the Minotaur Berserker began the quest for
                  | the Orb.
     0 | D:1      | Reached XP level 1. HP: 19/19 MP: 0/0
    89 | D:1      | Reached skill level 4 in Maces & Flails
    89 | D:1      | Reached XP level 2. HP: 25/27 MP: 1/1
   212 | D:1      | Found Dops's Antique Weapon Boutique.
   327 | D:1      | Reached ** piety under Trog
   472 | D:1      | Reached XP level 3. HP: 30/33 MP: 2/2
   791 | D:2      | Identified the +4 sling of Dischuji {freeze, rN++ Will-
                  | Int+3}
  1210 | D:2      | Reached skill level 5 in Maces & Flails
  1210 | D:2      | Reached XP level 4. HP: 20/41 MP: 3/3
  1727 | D:3      | Reached XP level 5. HP: 45/47 MP: 4/4
  1758 | D:3      | Reached *** piety under Trog
  1828 | D:3      | Identified the +1 short sword "Heotargh" {heavy, +Blink rF-
                  | Str+7}
  1846 | D:3      | Identified the +1 robe of Fedhas's Castigation {Will+++
                  | Int-4 Slay+5}
  2002 | D:3      | Reached skill level 6 in Maces & Flails
  2114 | D:3      | Reached skill level 5 in Fighting
  2190 | D:4      | Reached XP level 6. HP: 47/56 MP: 5/5
  2648 | D:5      | Entered Level 5 of the Dungeon
  2680 | D:5      | Reached skill level 7 in Maces & Flails
  2893 | D:5      | Found a stormy altar of Qazlal.
  2937 | D:5      | Reached skill level 5 in Armour
  2937 | D:5      | Reached XP level 7. HP: 52/62 MP: 6/6
  2985 | D:5      | Noticed a troll
  2994 | D:5      | Killed a troll
  3038 | D:5      | Reached skill level 8 in Maces & Flails
  3684 | D:6      | Found a transporter.
  3714 | D:6      | Found a staircase to the Ecumenical Temple.
  3806 | D:6      | Identified the +5 chain mail of Grand Brilliance {Rampage
                  | Str+3 Int+3 Dex-5}
  3997 | D:6      | Reached XP level 8. HP: 71/71 MP: 7/7
  4008 | D:6      | Found a transporter.
  4138 | D:6      | Reached skill level 9 in Maces & Flails
  4240 | D:7      | Found an iron altar of Okawaru.
  4534 | D:7      | Found a basalt altar of Yredelemnul.
  4645 | D:7      | Reached skill level 10 in Maces & Flails
  4793 | D:7      | Reached **** piety under Trog
  4992 | D:7      | Reached XP level 9. HP: 81/81 MP: 8/8
  5337 | D:8      | Identified the +11 orcbow "Ruybec" {antimagic, Will+}
  5491 | D:8      | Reached skill level 11 in Maces & Flails
  5508 | D:8      | HP: 5/123 [yak (10)]
  5856 | D:8      | Reached skill level 12 in Maces & Flails
  6711 | D:9      | Reached XP level 10. HP: 91/91 MP: 9/9
  7072 | D:9      | Found a staircase to the Lair.
  7249 | D:10     | Entered Level 10 of the Dungeon
  7258 | D:10     | Noticed a boulder beetle
  7272 | D:10     | Reached skill level 13 in Maces & Flails
  7276 | D:10     | HP: 4/139 [yak (10)]
  7292 | D:10     | HP: 2/93 [boulder beetle (8)]
  7292 | D:10     | Demolished by a boulder beetle

Illustrated notes

Levels and vault maps discovered:
D:1:      spicycebolla_arrival_risky_transporter, layout_rooms, serial_shops,
          nicolae_shop_hallway_plus, minivault_5
D:2:      layout_rooms, minmay_misc_feat_hallway, lightli_corner_chamber
D:3:      layout_rooms, serial_undead, serial_undead_c, serial_undead_e,
          serial_undead_b, serial_undead_f, serial_undead_f, serial_undead_d,
          serial_undead_a
D:4:      layout_cave_pools, grunt_ministairs_14
D:5:      layout_loops_cross, nicolae_qazlal_scattered_showers,
          corexii_hall_statues_x
D:6:      gammafunk_cloud_chamber, layout_rooms,
          minmay_temple_entry_proselytizer
D:7:      layout_loops_corners, okawaru_gym_becter,
          nicolae_overflow_hidden_temple, serial_rivers,
          chequers_serial_rivers_micro_b, chequers_serial_rivers_small_a,
          chequers_serial_rivers_micro_e, chequers_serial_rivers_large_a,
          chequers_serial_rivers_small_b, nicolae_concentric_dashed_squares_mild
D:8:      layout_rooms, kennysheep_minor_cross
D:9:      layout_loops_ring, lair_entry_dummy, enter_bailey_2
D:10:     minmay_cut_squares, layout_cave_pools

Skill      XL: |  1  2  3  4  5  6  7  8  9 10 |
---------------+-------------------------------+-----
Maces & Flails | 4 5 6 7 8 10 12 13 | 13.3
Fighting       | 4 5 6 7 9 |  9.9
Armour         | 3 4 5 6 7 9 |  9.5
Dodging        | |  2.1

Action                     |  1- 3 |  4- 6 |  7- 9 | 10-12 || total
---------------------------+-------+-------+-------+-------++-------
  Melee: Mace              |    78 |   166 |   274 |    58 ||   576
         Headbutt          |     7 |    28 |    35 |    16 ||    86
         Punch             |       |       |     1 |       ||     1
 Invoke: Berserk           |       |     2 |     4 |     1 ||     7
         Trog's Hand       |       |       |     4 |       ||     4
    Use: Scroll            |     6 |     3 |     7 |       ||    16
         Potion            |       |       |     2 |       ||     2
 Armour: Animal skin       |    47 |    15 |       |       ||    62
         Leather armour    |       |    49 |       |       ||    49
         Plate armour      |       |    39 |    57 |       ||    96
         Chain mail        |       |       |   217 |    63 ||   280
  Dodge: Dodged            |    56 |    85 |   129 |    17 ||   287
   Form: Beast             |       |     1 |       |       ||     1

Table legend: (Time is in decaauts)
 A = Elapsed time spent in this place.
 B = Non-inter-level travel time spent in this place.
 C = Inter-level travel time spent in this place.
 D = Time resting spent in this place.
 E = Time spent auto-exploring this place.
 F = Levels seen in this place.
 G = Mean time per level.
                   A        B        C        D        E       F      G
               +--------+--------+--------+--------+--------+-----+--------+
         Total |   7331 |   7144 |    187 |    566 |   5363 |  10 |  733.1 |
       Dungeon |   7331 |   7144 |    187 |    566 |   5363 |  10 |  733.1 |
               +--------+--------+--------+--------+--------+-----+--------+

Top non-repeatable levels by time:
     D:7: 1154 daAuts
     D:9: 1123 daAuts
     D:5: 968 daAuts
     D:8: 790 daAuts
     D:2: 781 daAuts
     D:1: 713 daAuts
     D:3: 689 daAuts
     D:6: 565 daAuts
     D:4: 506 daAuts
    D:10: 36 daAuts
